 Dungeon Sprint DCSS version 0.30-a0-622-gddc90eaa04 (webtiles) character file.

Game seed: 8607906568385005588

401 NinjaNoafa the Insei (level 6, 0/38 (45) HPs)
             Began as an Octopode Transmuter on Jan 10, 2023.
             Was an Elder of Sif Muna.
             Slain by a wight
             ... wielding a +0 short sword
              (7 damage)
             ... in the Dungeon (Sprint VII: "The Pits").
             The game lasted 00:01:46 (287 turns).

NinjaNoafa the Insei (Octopode Transmuter)           Turns: 287, Time: 00:01:47

HP:   0/38 (45)     AC:  2    Str:  9    XL:     6   Next: 85%
MP:   7/11          EV: 23    Int: 18    God:    Sif Muna [****..]
Gold: 0             SH:  0    Dex: 17    Spells: 6/12 levels left

rFire   . . .      SeeInvis .      - Unarmed
rCold   . . .      Faith    .    (shield currently unavailable)
rNeg    . . .      Spirit   .    (helmet currently unavailable)
rPois   x          Reflect  .    (no amulet)
rElec   .          Harm     .    (no ring)
rCorr   .          Rampage  .    (no ring)
Will    .....      NoTele   +    (no ring)
Stlth   +++                      (no ring)
HPRegen 0.26/turn                (no ring)
MPRegen 0.12/turn                (no ring)
                                 (no ring)
                                 (no ring)

@: spider-form (expiring), wereblooded (expiring), on berserk cooldown, slowed,
heavily drained, very slow
A: venomous fangs, almost no armour, (amphibious), 8 rings, tiny, (camouflage
1), (gelatinous body 1), (nimble swimmer 1), (tentacles)
a: End Transformation, Renounce Religion, Channel Magic, Forget Spell, Divine
Exegesis


You were in the Dungeon.
You worshipped Sif Muna.
Sif Muna was greatly pleased with you.
You were a venomous arachnid creature.
You visited 1 branch

Inventory:

Scrolls
 g - a scroll of blinking
 i - 5 scrolls of amnesia
 j - a scroll of summoning
 k - 2 scrolls of vulnerability
Potions
 a - a potion of lignification
 b - 6 potions of curing
 c - 6 potions of heal wounds
 d - a potion of haste
 e - 4 potions of magic
 f - 2 potions of berserk rage
 h - 2 potions of invisibility


   Skills:
 - Level 5.0 Fighting
 + Level 6.4 Dodging
 - Level 5.3 Stealth
 - Level 7.0 Unarmed Combat
 - Level 3.7 Spellcasting
 - Level 5.4 Transmutations
 - Level 5.0 Poison Magic
 + Level 5.3 Invocations


You had 6 spell levels left.
You knew the following spells:

 Your Spells              Type           Power      Damage    Failure   Level
a - Beastly Appendage     Tmut           44%        N/A       7%          1
b - Wereblood             Tmut           22%        N/A       10%         2
c - Spider Form           Tmut/Pois      22%        N/A       16%         3

Your spell library contained the following spells:

 Spells                   Type           Power      Damage    Failure   Level
 Ice Form                 Ice/Tmut       13%        N/A       67%         4


Dungeon Overview and Level Annotations

Branches:
Dungeon (1/1)

Altars:
Ashenzari
Cheibriados
Dithmenos
Elyvilon
Fedhas
Gozag
Hepliaklqana
Kikubaaqudgha
Makhleb
Nemelex Xobeh
Okawaru
Qazlal
Ru
Sif Muna
Trog
Uskayaw
Vehumet
Wu Jian
Xom
Yredelemnul
Zin
The Shining One
Jiyva
Lugonu


Innate Abilities, Weirdness & Mutations

You are a venomous arachnid creature.
You have venomous fangs.
You are tiny and dextrous.
Your spellcasting is less reliable in this form.
Your armour is entirely melded.
You are incapable of wielding weapons or throwing items.
You cannot wear most types of armour.
((You are amphibious.))
You can wear up to eight rings at the same time.
((Your skin changes colour to match your surroundings (Stealth+).))
((Your rubbery body absorbs attacks. (AC +1, EV +1)))
((You are camouflaged when in or above water. (Stealth+)))
((You have tentacles for arms and can constrict up to eight enemies at once.))


Message History

Training target 7.0 for Unarmed Combat reached!
Your Unarmed Combat skill increases to level 7!
Your Invocations skill increases to level 5!
You hit the wight.
The wight is moderately damaged.
The wight barely misses you.
The wight hits you with a +0 short sword!
You feel drained. The wight attacks as you move away!
The wight hits you with a +0 short sword!
The gnoll is no longer moving quickly.
The wight completely misses you. x2
The wight hits you with a +0 short sword!
You feel drained.
You hit the wight.
The wight is heavily damaged.
You hiss as the wereblood boils in your veins!
The gnoll is no longer moving quickly.
The wight completely misses you. The wight misses you.
You hit the wight.
The wight is severely damaged.
The wight closely misses you.
The wight hits you with a +0 short sword!
* * * LOW HITPOINT WARNING * * *
You feel drained.
* * * LOW HITPOINT WARNING * * *
You hit the wight.
The wight is severely damaged.
Your transformation is almost over.
Your primal bloodlust is almost over.
The wight hits you from afar with a +0 halberd.
* * * LOW HITPOINT WARNING * * *
You feel drained. The wight completely misses you.
The wight closely misses you.
The wight hits you with a +0 short sword.
* * * LOW HITPOINT WARNING * * *
You feel drained.
The gnoll is no longer moving quickly.
The wight closely misses you. The wight attacks as you move away!
The wight hits you with a +0 short sword!
You die...

##########.##.....
#.........).'.....
#'#####'#####.....
#.#..#..#[[##.....
#.#..)..#))#####'#
#.#..####))##.....
#.#..#..#))##.....
#.#..#.†#..##.....
#s##'#..#'###...<.
#z#.......†##.....
#z#........##.....
#)###########.....
#gg.....# ######
#g..#...# #...# .#
#.##. #.. #.


You could see 2 wights and 3 gnolls.

Vanquished Creatures
  A floating eye (D)
  An ice beast (D)
  A wolf (D)
  A wight (D)
  A gnoll bouda (D)
  2 gnolls (D)
  2 river rats (D)
  An adder skeleton (D)
  A bat zombie (D)
  A goblin (D)
  A hobgoblin (D)
  3 jackals (D)
  A ball python (D)
  A ball python skeleton (D)
  A kobold (D)
19 creatures vanquished.

Notes
Turn   | Place    | Note
-------+----------+-------------------------------------------
     0 | D        | NinjaNoafa the Octopode Transmuter began the quest for the
                  | Orb.
     0 | D        | Reached XP level 1. HP: 13/13 MP: 3/3
    12 | D        | Noticed a bullfrog
    51 | D        | Found a glowing golden altar of the Shining One.
    51 | D        | Found a glowing silver altar of Zin.
    51 | D        | Found a basalt altar of Yredelemnul.
    51 | D        | Found a shimmering altar of Xom.
    51 | D        | Found an ornate altar of the Wu Jian Council.
    51 | D        | Found a bloodstained altar of Trog.
    51 | D        | Found a shimmering blue altar of Sif Muna.
    51 | D        | Found a sacrificial altar of Ru.
    51 | D        | Found a stormy altar of Qazlal.
    51 | D        | Found an iron altar of Okawaru.
    51 | D        | Found a sparkling altar of Nemelex Xobeh.
    51 | D        | Found a burning altar of Makhleb.
    51 | D        | Found a viscous altar of Jiyva.
    51 | D        | Found a hazy altar of Hepliaklqana.
    51 | D        | Found an opulent altar of Gozag.
    51 | D        | Found a blossoming altar of Fedhas.
    51 | D        | Found a white marble altar of Elyvilon.
    51 | D        | Found a shadowy altar of Dithmenos.
    51 | D        | Found a snail-covered altar of Cheibriados.
    52 | D        | Found a radiant altar of Vehumet.
    52 | D        | Found a corrupted altar of Lugonu.
    53 | D        | Found a hide-covered altar of Uskayaw.
    53 | D        | Found an ancient bone altar of Kikubaaqudgha.
    53 | D        | Found a broken altar of Ashenzari.
    60 | D        | Became a worshipper of Sif Muna the Loreminder
    73 | D        | Reached skill level 1 in Stealth
   104 | D        | Noticed a floating eye
   105 | D        | Reached * piety under Sif Muna
   109 | D        | Killed a floating eye
   110 | D        | Reached skill level 5 in Stealth
   110 | D        | Reached skill level 5 in Unarmed Combat
   110 | D        | Reached skill level 5 in Transmutations
   110 | D        | Reached XP level 2. HP: 17/21 MP: 2/6
   110 | D        | Reached XP level 3. HP: 22/26 MP: 2/8
   110 | D        | Reached XP level 4. HP: 26/31 MP: 2/9
   114 | D        | Reached ** piety under Sif Muna
   125 | D        | Learned a level 2 spell: Wereblood
   176 | D        | Reached skill level 1 in Poison Magic
   188 | D        | Reached *** piety under Sif Muna
   189 | D        | Reached XP level 5. HP: 33/36 MP: 7/10
   256 | D        | Learned a level 3 spell: Spider Form
   258 | D        | Noticed a wolf
   258 | D        | Noticed an ice beast
   266 | D        | Killed a wolf
   267 | D        | Reached skill level 5 in Poison Magic
   269 | D        | Reached **** piety under Sif Muna
   275 | D        | Reached skill level 6 in Unarmed Combat
   275 | D        | Reached XP level 6. HP: 44/44 MP: 6/11
   276 | D        | Killed an ice beast
   277 | D        | Reached skill level 5 in Fighting
   277 | D        | Reached skill level 5 in Dodging
   280 | D        | Reached skill level 7 in Unarmed Combat
   280 | D        | Reached skill level 5 in Invocations
   287 | D        | Slain by a wight

Illustrated notes

Levels and vault maps discovered:
D:        pitsprint [storerooms_1, entrance_room_1, metal_vault_3, armoury_2,
          mini_pit_1, grid_room_1, main_hall_1, silver_pit, the_coven_3,
          the_vestibule_1, steel_vault_5, golden_pit, hallway_of_sentries,
          crystal_vault_2, iron_vault_4, final_vault]

Skill      XL: |  1  2  3  4  5  6 |
---------------+-------------------+-----
Stealth        | 5 |  5.3
Fighting       | 3 4 5 |  5.0
Dodging        | 3 4 6 |  6.4
Unarmed Combat | 5 6 7 |  7.0
Spellcasting   | 3 |  3.7
Transmutations | 5 |  5.4
Poison Magic   | 2 5 |  5.0
Invocations    | 3 5 |  5.3

Action                   |  1- 3 |  4- 6 || total
-------------------------+-------+-------++-------
Melee: Unarmed           |     9 |    33 ||    42
       Constrict         |     3 |     6 ||     9
       Tentacles         |     2 |     4 ||     6
       Kick              |     2 |     2 ||     4
 Cast: Beastly Appendage |     2 |     1 ||     3
       Wereblood         |       |     2 ||     2
       Spider Form       |       |     1 ||     1
  Use: Potion            |       |     1 ||     1
 Stab: Sleeping          |     2 |     1 ||     3
Armor: Skin              |       |     3 ||     3
Dodge: Dodged            |     4 |    39 ||    43

Table legend: (Time is in decaauts)
 A = Elapsed time spent in this place.
 B = Non-inter-level travel time spent in this place.
 C = Inter-level travel time spent in this place.
 D = Time resting spent in this place.
 E = Time spent auto-exploring this place.
 F = Levels seen in this place.
 G = Mean time per level.
                   A        B        C        D        E       F      G
               +--------+--------+--------+--------+--------+-----+--------+
         Total |    282 |    275 |      7 |     44 |     86 |   1 |  282.0 |
       Dungeon |    282 |    275 |      7 |     44 |     86 |   1 |  282.0 |
               +--------+--------+--------+--------+--------+-----+--------+

Top non-repeatable levels by time:
       D: 282 daAuts
